AoeStats
← MZTK | GaboxNet .i.

Nomad

509844468Analyzed
4v4 RM · 3d ago on Sep 28, 2026· 40m 32s· 8 players
Game mode
Random Map
Map size
231×231
Population
200
Speed
Normal
Resources
Standard
Victory
Conquest
Starting age
Dark Age
Ending age
Imperial Age
RankedLock teamsTeams togetherTeam positionsShared explorationLock speedFull tech treeHidden civsTurbo modeCheats
Victory
Defeat
🇲🇽 Varangians · Mexico
1249
+12
🇲🇽 Danes · Mexico
1221
+13
🇺🇸 Huns · United States
1196
+14
🇲🇽 Italians · Mexico
1122
+17
🇮🇹 Franks · Italy
1174
-15
🇺🇸 Burgundians · United States
1160
-14
1142
-14
🇳🇱 Italians · Netherlands
1132
-17
HuLB
15:38 Feudal Age
19:30 Loom
23:10 Castle Age
25:52 Wheelbarrow
35:29 Double-Bit Axe
Imyourextasy
5:04 Loom
12:53 Double-Bit Axe
17:02 Feudal Age
18:27 Bow Saw
20:29 Gold Mining
24:57 Castle Age
24:27 Scale Barding Armor
25:15 Forging
25:07 Cavalier
26:18 Medium Warships
36:29 Chain Barding Armor
38:10 Wheelbarrow
Lunakik
16:20 Feudal Age
23:44 Castle Age
22:07 Fletching
25:23 Crossbowman
28:33 Double-Bit Axe
29:13 Bodkin Arrow
29:19 Padded Archer Armor
30:44 Thumb Ring
32:59 Leather Archer Armor
34:40 Ballistics
Crusade against Bolshevism
4:12 Loom
14:10 Feudal Age
16:05 Wheelbarrow
19:16 Castle Age
18:14 Stone Mining
18:26 Gold Mining
20:13 Demolition Ship
22:44 Double-Bit Axe
25:29 Fletching
26:23 Scale Barding Armor
26:35 Horse Collar
27:55 Padded Archer Armor
30:13 Husbandry
31:03 Fishing Lines
31:40 Hand Cart
32:22 Leather Archer Armor
37:23 Imperial Age
35:13 Bodkin Arrow
35:56 Ballistics
36:17 Murder Holes
36:36 Masonry
35:49 Elite Skirmisher
36:37 Thumb Ring
38:22 Bracer
MZTK | GaboxNet .i.
5:50 Loom
13:17 Feudal Age
14:13 Fishing Lines
16:18 Double-Bit Axe
20:54 Castle Age
22:06 Bow Saw
22:09 Medium Warships
21:51 Gillnets
26:59 Imperial Age
26:31 Fletching
28:06 Wheelbarrow
27:51 Bodkin Arrow
30:41 Chemistry
31:28 Padded Archer Armor
31:57 Hand Cart
33:55 Bracer
36:11 Leather Archer Armor
39:31 Conscription
39:17 Squires
39:24 Scale Mail Armor
39:35 Forging
MZTK | PinPon
7:31 Loom
14:22 Feudal Age
19:25 Castle Age
17:42 Double-Bit Axe
20:15 Fletching
22:59 Bodkin Arrow
24:33 Ballistics
24:53 Crossbowman
25:41 Thumb Ring
31:15 Medium Warships
40:07 Wheelbarrow
MZTK l ROD
8:20 Loom
14:44 Feudal Age
15:10 Double-Bit Axe
16:51 Fletching
22:13 Castle Age
21:30 Bloodlines
21:32 Scale Barding Armor
21:51 Fishing Lines
23:22 Medium Warships
24:16 Bodkin Arrow
31:19 Masonry
33:00 Wheelbarrow
33:07 Ballistics
32:59 Clinker Construction
34:55 Town Watch
35:54 Bow Saw
41:03 Imperial Age
39:51 Gold Mining
39:53 Stone Mining
40:26 Chain Barding Armor
40:09 Husbandry
_MZTK_SIRO_
13:44 Loom
16:05 Feudal Age
20:49 Castle Age
20:13 Double-Bit Axe
20:35 Stone Mining
23:45 Scale Mail Armor
30:03 Horse Collar
30:35 Forging
33:07 Wheelbarrow
33:25 Bow Saw
35:54 Heavy Plow
35:53 Town Watch
36:32 Chain Mail Armor
37:27 Hand Cart
41:47 Imperial Age
40:28 Iron Casting
40:02 Squires
39:48 Arson
40:17 Gold Mining
Connection lost

Rejoining the realm…

Still unreachable

The connection could not be restored.

Session expired

The server has moved on; the page needs a fresh start.